 Dungeon Crawl Stone Soup version 0.27.1-3-gb3d3a73c9e (webtiles) character file.

Game seed: 1596918074318827180

6913 Doot the Destroyer (level 11, 0/81 HPs)
             Began as a Gnoll Conjurer on Oct 18, 2021.
             Was a Follower of Sif Muna.
             Slain by Snorg (11 damage)
             ... on level 9 of the Dungeon.
             The game lasted 00:24:51 (13364 turns).

Doot the Destroyer (Gnoll Conjurer)                Turns: 13364, Time: 00:24:52

Health: 0/81       AC:  8    Str:  6    XL:     11   Next: 7%
Magic:  1/22       EV: 21    Int: 21    God:    Sif Muna [*.....]
Gold:   548        SH:  0    Dex: 11    Spells: 6/25 levels left

rFire    . . .     SeeInvis .   H - staff of conjuration
rCold    . . .     Faith    .   (no shield)
rNeg     . . .     Spirit   .   O - +0 troll leather armour
rPois    .         Reflect  .   r - +0 helmet
rElec    .         Harm     .   (no cloak)
rCorr    .         Rampage  .   K - +1 pair of gloves
Will     .....                  (no boots)
Stlth    +++.......             (no amulet)
HPRegen  1.23/turn              L - +4 ring of evasion
MPRegen  0.18/turn              I - +4 ring of evasion

@: mighty
A: fangs 1, strong nose, distributed training
a: Renounce Religion, Channel Magic


You were on level 9 of the Dungeon.
You worshipped Sif Muna.
Sif Muna was aware of your devotion.
You visited 3 branches of the dungeon, and saw 11 of its levels.

You collected 548 gold pieces.

Inventory:

Hand Weapons
 b - a +0 dagger
 n - a +1 rapier of venom
 u - a +2 whip of flaming
 A - a +1 flail of venom
Missiles
 y - 2 throwing nets
 B - a curare-tipped dart
Armour
 a - a +0 robe
 o - a +0 leather armour
 r - a +0 helmet (worn)
 C - +0 steam dragon scales
 G - a +0 pair of gloves
 K - a +1 pair of gloves (worn)
 M - a +2 robe of positive energy
 N - a +3 leather armour
 O - a +0 troll leather armour (worn)
Magical Staves
 H - a staff of conjuration (weapon)
Jewellery
 j - a ring of flight
 l - a +6 ring of strength
 I - a +4 ring of evasion (right hand)
 L - a +4 ring of evasion (left hand)
Wands
 m - a wand of polymorph (8)
 z - a wand of flame (6)
Scrolls
 c - 2 scrolls of blinking {unknown}
 e - 7 scrolls of identify
 h - 2 scrolls of teleportation
 p - a scroll of noise {unknown}
 q - 2 scrolls of magic mapping {unknown}
 v - a scroll of immolation {unknown}
 w - 2 scrolls of holy word {unknown}
 x - a scroll of amnesia {unknown}
 F - a scroll of acquirement {unknown}
 J - a scroll of enchant armour {unknown}
Potions
 d - 2 potions of flight {unknown}
 f - 2 potions of brilliance {unknown}
 g - a potion of haste {unknown}
 i - 2 potions of might
 k - 2 potions of heal wounds {unknown}
 s - 2 potions of cancellation {unknown}
 t - 5 potions of degeneration {unknown}
 D - a potion of ambrosia {unknown}
 E - 2 potions of curing {unknown}
Miscellaneous
 P - a lightning rod (4/4)


   Skills:
 + Level 5.9 Fighting
 + Level 5.9 Short Blades
 + Level 5.9 Long Blades
 + Level 5.9 Axes
 + Level 5.9 Maces & Flails
 + Level 5.9 Polearms
 + Level 5.9 Staves
 + Level 5.9 Slings
 + Level 5.9 Bows
 + Level 5.9 Crossbows
 + Level 5.9 Throwing
 + Level 5.9 Armour
 + Level 7.5 Dodging
 + Level 7.3 Stealth
 + Level 5.9 Shields
 + Level 5.9 Unarmed Combat
 + Level 7.8 Spellcasting
 + Level 8.7 Conjurations
 + Level 4.9 Hexes
 + Level 4.9 Summonings
 + Level 4.9 Necromancy
 + Level 4.9 Translocations
 + Level 4.9 Transmutations
 + Level 4.9 Fire Magic
 + Level 4.9 Ice Magic
 + Level 4.9 Air Magic
 + Level 4.9 Earth Magic
 + Level 4.9 Poison Magic
 + Level 6.5 Invocations
 + Level 5.9 Evocations


You had 6 spell levels left.
You knew the following spells:

 Your Spells              Type           Power      Damage    Failure   Level
a - Magic Dart            Conj           100%       1d8       1%          1
b - Searing Ray           Conj           100%       3d7       1%          2
c - Iskenderun's Mystic   Conj/Tloc      53%        2d11      7%          4
d - Dazzling Flash        Conj/Hex       100%       N/A       2%          3
e - Fulminant Prism       Conj/Hex       26%        3d14      7%          4
f - Lightning Bolt        Conj/Air       26%        1d42      21%         5

Your spell library contained the following spells:

 Spells                   Type           Power      Damage    Failure   Level
 Corona                   Hex            31%        N/A       1%          1
 Sting                    Tmut/Pois      100%       1d8       1%          1
 Static Discharge         Conj/Air       53%        N/A       1%          2
 Ensorcelled Hibernation  Hex/Ice        56%        N/A       2%          2
 Call Canine Familiar     Summ           28%        N/A       4%          3
 Gell's Gravitas          Tloc           14%        N/A       4%          3
 Lesser Beckoning         Tloc           14%        N/A       4%          3
 Portal Projectile        Hex/Tloc       56%        N/A       4%          3
 Teleport Other           Tloc           28%        N/A       4%          3
 Tukima's Dance           Hex            28%        N/A       4%          3
 Leda's Liquefaction      Hex/Erth       14%        N/A       16%         4
 Maxwell's Capacitive Co  Air            14%        ∞         100%        8


Dungeon Overview and Level Annotations

Branches:
Dungeon (9/15)             Temple (1/1) D:4             Orc (1/2) D:9
   Lair: D:8-11

Altars:
Ashenzari
Cheibriados
Dithmenos
Elyvilon
Fedhas
Gozag
Hepliaklqana
Kikubaaqudgha
Makhleb
Nemelex Xobeh
Okawaru
Qazlal
Ru
Sif Muna
Trog
Uskayaw
Vehumet
Wu Jian
Xom
Yredelemnul
Zin
The Shining One

Shops:
D:1 ?   D:3 :

Annotations:
D:5 1 runed translucent door, makewrite's ghost, novice MiBe
D:9 Snorg


Innate Abilities, Weirdness & Mutations

You have very sharp teeth.
Your uncanny sense of smell can sniff out nearby items.
Your experience applies equally to all skills.


Message History

Snorg closely misses you. Snorg completely misses you. x2
An orc zombie comes into view.
Casting: Iskenderun's Mystic Blast (dangerous; 7% risk of failure)
Confirm with . or Enter, or press ? or * to list all spells.
You feel a surge of power!
You erupt in a blast of force!
The mystic blast hits Snorg!
Snorg is moderately wounded.
Snorg is knocked back by the mystic blast.
Unknown command.
Casting: Iskenderun's Mystic Blast (dangerous; 7% risk of failure)
Confirm with . or Enter, or press ? or * to list all spells.
You feel a surge of power!
You erupt in a blast of force!
The mystic blast hits Snorg!
Snorg is moderately wounded.
Snorg is knocked back by the mystic blast.
Unknown command.
Snorg closely misses you. x3
Snorg rages.
Your magical contamination has completely faded away.
Snorg completely misses you. x2; Snorg claws you.
Snorg misses you. x2; Snorg claws you.
Casting: Iskenderun's Mystic Blast (dangerous; 7% risk of failure)
Confirm with . or Enter, or press ? or * to list all spells.
You feel a surge of power!
You erupt in a blast of force!
The mystic blast hits Snorg!
Snorg is moderately wounded.
Snorg is knocked back by the mystic blast.
Snorg slams into the orcish idol!
Snorg bites you! Snorg misses you. Snorg completely misses you.
Snorg bites you. Snorg misses you. Snorg closely misses you.
Snorg rages.
Snorg barely misses you. Snorg closely misses you. Snorg claws you!!
* * * LOW HITPOINT WARNING * * *
Snorg rages.
Snorg closely misses you. Snorg completely misses you. Snorg claws you!
* * * LOW HITPOINT WARNING * * *
It was a potion of might.
You feel very mighty all of a sudden. Snorg completely misses you.
Snorg claws you!
You die...

#.#####...####.............#.....
#.# #...###...............##..#
#.#####...##..8.....>.....8.....#
#............Z...................
#..########..#...Z.........####..
..## #..#.............# #.. .##
#..#......8......####..
.##########..#####.....#####.....
...............T@................
.######..........................
## #.##########..#######.)####
#######.##########..#######..####
............................[....
.........................<.......
#######..........................
#...################..<#### #...#
#...#


You could see Snorg (berserk).

Vanquished Creatures
  A two-headed ogre (D:9)
  Pikel (D:5)
  A manticore (D:9)
  A troll (D:9)
  2 hornets
  A wyvern (D:9)
  A shadow (D:9)
  Eustachio (D:5)
  A yak (D:9)
  3 steam dragons
  Edmund (D:6)
  Duvessa (D:5)
  2 water moccasins
  2 sky beasts (D:7)
  3 ogres
  3 ice beasts
  6 centaurs
  4 lemures (D:5)
  A phantom (D:9)
  A kobold brigand (D:6)
  4 bullfrogs
  A gnoll sergeant (D:6)
  7 scorpions
  A wyvern skeleton (D:6)
  3 troll zombies (D:9)
  Dowan (D:5)
  4 wights (D:9)
  6 howler monkeys
  2 bullfrog skeletons
  A centaur skeleton (D:4)
  A hound (D:6)
  A jelly (D:8)
  2 centaur zombies (D:9)
  An orc priest (D:5)
  Natasha (thrice) (D:3)
  3 iguanas
  4 orc wizards
  5 ogre zombies (D:9)
  7 adders
  8 gnolls
  A shadow imp (D:6)
  2 white imps
  An adder skeleton (D:4)
  2 worms
  9 orcs
  9 ball pythons
  7 bats
  8 endoplasms
  4 giant cockroaches (D:1)
  4 hobgoblins
  4 jackals (D:3)
  4 quokkas
  4 frilled lizards
  10 goblins
  A goblin zombie (D:9)
  A hobgoblin skeleton (D:9)
  4 hobgoblin zombies (D:9)
  9 kobolds
  4 orc skeletons (D:9)
  12 orc zombies (D:9)
  3 rats
  A fulminant prism (D:5)
206 creatures vanquished.

Vanquished Creatures (others)
  11 fulminant prisms
  19 fungi (D:7)
  3 plants (D:3)
33 creatures vanquished.

Grand Total: 239 creatures vanquished

Notes
Turn   | Place    | Note
-------+----------+-------------------------------------------
     0 | D:1      | Doot the Gnoll Conjurer began the quest for the Orb.
     0 | D:1      | Reached XP level 1. HP: 13/13 MP: 6/6
    71 | D:1      | Found Fadul's Magic Scroll Emporium.
    83 | D:1      | Reached XP level 2. HP: 19/19 MP: 4/7
   203 | D:1      | Learned a level 2 spell: Searing Ray
   609 | D:3      | Reached skill level 5 in Spellcasting
   609 | D:3      | Reached XP level 3. HP: 25/25 MP: 3/9
   666 | D:3      | Noticed Natasha
   674 | D:3      | Learned a level 3 spell: Dazzling Flash
   679 | D:3      | Killed Natasha
   680 | D:3      | Reached skill level 1 in Fighting
   680 | D:3      | Reached skill level 1 in Short Blades
   680 | D:3      | Reached skill level 1 in Long Blades
   680 | D:3      | Reached skill level 1 in Axes
   680 | D:3      | Reached skill level 1 in Maces & Flails
   680 | D:3      | Reached skill level 1 in Polearms
   680 | D:3      | Reached skill level 1 in Staves
   680 | D:3      | Reached skill level 1 in Slings
   680 | D:3      | Reached skill level 1 in Bows
   680 | D:3      | Reached skill level 1 in Crossbows
   680 | D:3      | Reached skill level 1 in Throwing
   680 | D:3      | Reached skill level 1 in Armour
   680 | D:3      | Reached skill level 1 in Shields
   680 | D:3      | Reached skill level 1 in Unarmed Combat
   680 | D:3      | Reached skill level 1 in Invocations
   680 | D:3      | Reached skill level 1 in Evocations
   753 | D:4      | Noticed a scorpion
   837 | D:3      | Found Zifeih's Book Boutique.
   886 | D:3      | Reached XP level 4. HP: 32/32 MP: 6/11
  1066 | D:3      | Noticed Natasha
  1076 | D:3      | Killed Natasha
  1077 | D:3      | Reached skill level 1 in Hexes
  1077 | D:3      | Reached skill level 1 in Summonings
  1077 | D:3      | Reached skill level 1 in Necromancy
  1077 | D:3      | Reached skill level 1 in Translocations
  1077 | D:3      | Reached skill level 1 in Transmutations
  1077 | D:3      | Reached skill level 1 in Fire Magic
  1077 | D:3      | Reached skill level 1 in Ice Magic
  1077 | D:3      | Reached skill level 1 in Air Magic
  1077 | D:3      | Reached skill level 1 in Earth Magic
  1077 | D:3      | Reached skill level 1 in Poison Magic
  1277 | D:3      | Found a blossoming altar of Fedhas.
  1277 | D:3      | Noticed Natasha
  1279 | D:3      | Killed Natasha
  1280 | D:3      | Reached XP level 5. HP: 37/37 MP: 8/12
  1788 | D:4      | Found a staircase to the Ecumenical Temple.
  1801 | Temple   | Entered the Ecumenical Temple
  2102 | D:1      | Reached XP level 6. HP: 44/44 MP: 7/13
  2710 | D:1      | Learned a level 4 spell: Iskenderun's Mystic Blast
  2715 | D:1      | Learned a level 4 spell: Fulminant Prism
  3384 | D:2      | Reached skill level 5 in Dodging
  4271 | D:5      | Entered Level 5 of the Dungeon
  4394 | D:5      | Noticed Dowan
  4407 | D:5      | Killed Dowan
  4408 | D:5      | Reached XP level 7. HP: 50/50 MP: 11/15
  4520 | D:5      | Noticed Duvessa
  4614 | D:5      | Killed Duvessa
  4735 | D:5      | Found a runed translucent door.
  4740 | D:5      | Noticed makewrite's ghost (novice MiBe)
  4748 | D:5      | Reached skill level 5 in Stealth
  5176 | D:5      | Noticed Eustachio
  5203 | D:5      | Killed Eustachio
  5204 | D:5      | Reached XP level 8. HP: 26/58 MP: 2/16
  5609 | D:5      | Noticed Pikel
  5757 | D:5      | Killed Pikel
  6562 | D:6      | Reached XP level 9. HP: 43/65 MP: 13/18
  7164 | D:6      | Noticed Edmund
  7174 | D:6      | Killed Edmund
  7175 | D:6      | Reached skill level 8 in Conjurations
  7814 | D:6      | Found a shadowy altar of Dithmenos.
  7814 | D:6      | Found a hazy altar of Hepliaklqana.
  7861 | D:6      | Found a white marble altar of Elyvilon.
  7867 | D:6      | Found a basalt altar of Yredelemnul.
  7868 | D:6      | Found a sparkling altar of Nemelex Xobeh.
  7874 | D:6      | Became a worshipper of Elyvilon the Healer
  7944 | D:6      | Reached skill level 5 in Invocations
  8675 | D:7      | Reached XP level 10. HP: 69/73 MP: 2/20
  9118 | D:7      | Reached * piety under Elyvilon
  9124 | D:7      | Reached skill level 5 in Fighting
  9124 | D:7      | Reached skill level 5 in Short Blades
  9124 | D:7      | Reached skill level 5 in Long Blades
  9124 | D:7      | Reached skill level 5 in Axes
  9124 | D:7      | Reached skill level 5 in Maces & Flails
  9124 | D:7      | Reached skill level 5 in Polearms
  9124 | D:7      | Reached skill level 5 in Staves
  9124 | D:7      | Reached skill level 5 in Slings
  9124 | D:7      | Reached skill level 5 in Bows
  9124 | D:7      | Reached skill level 5 in Crossbows
  9124 | D:7      | Reached skill level 5 in Throwing
  9124 | D:7      | Reached skill level 5 in Armour
  9124 | D:7      | Reached skill level 5 in Shields
  9124 | D:7      | Reached skill level 5 in Unarmed Combat
  9124 | D:7      | Reached skill level 5 in Evocations
 10182 | D:8      | Learned a level 5 spell: Lightning Bolt
 10386 | D:8      | Reached ** piety under Elyvilon
 10435 | D:8      | Found a broken altar of Ashenzari.
 10761 | D:9      | Found a staircase to the Orcish Mines.
 11228 | D:9      | Found an opulent altar of Gozag.
 11244 | D:9      | Reached *** piety under Elyvilon
 11254 | D:9      | Noticed a two-headed ogre
 11264 | D:9      | Killed a two-headed ogre
 11467 | D:9      | Noticed a manticore
 11473 | D:9      | Killed a manticore
 12070 | D:9      | Found a shimmering blue altar of Sif Muna.
 12078 | D:9      | Fell from the grace of Elyvilon
 12078 | D:9      | Became a worshipper of Sif Muna the Loreminder
 12151 | D:9      | Got Sif Muna's Volume of Shape Shifting
 12595 | D:9      | Found a hide-covered altar of Uskayaw.
 12795 | D:9      | Reached XP level 11. HP: 81/81 MP: 11/22
 12862 | D:9      | Reached * piety under Sif Muna
 13340 | Orc:1    | Entered Level 1 of the Orcish Mines
 13340 | Orc:1    | Noticed Snorg
 13340 | Orc:1    | Noticed an orc high priest
 13364 | D:9      | Slain by Snorg

Illustrated notes

Levels and vault maps discovered:
D:1:      ebering_trefoil_3fold, layout_basic, serial_shops,
          nicolae_shop_waterfront
D:2:      layout_loops_corners
D:3:      layout_basic, mainiacjoe_overflow_24_doors, serial_shops,
          nicolae_lakefront_shop, serial_bayou_lake_a, uniq_natasha
D:4:      layout_loops_ring, minmay_temple_entry_tees
D:5:      layout_loops_ring, ebering_ghost_sewer_d, kennysheep_cross_bottleneck,
          chequers_garden, grunt_ministairs_3, uniq_duvessa, uniq_pikel,
          uniq_eustachio
D:6:      layout_loops_ring, riverfiend_overflow_shadow_ancestor,
          chequers_temple_overflow_statue_of_worship, grunt_ministairs_14,
          kennysheep_small_circle, uniq_edmund
D:7:      kennysheep_steamy, layout_basic, grunt_decor_one_mirror
D:8:      layout_cave_pods, mainiacjoe_overflow_alcove_2
D:9:      layout_long_grid, mainiacjoe_overflow_catwalk, led_sif_book,
          mainiacjoe_overflow_surrounded_room, zombieorc2_lemuel,
          kennysheep_nondescript
Temple:   minmay_temple_bridge_abc
Orc:1:    layout_caves, serial_shops, uniq_snorg

Skill      XL: |  1  2  3  4  5  6  7  8  9 10 |
---------------+-------------------------------+-----
Spellcasting   | 5 6 7 |  7.8
Fighting       | 1 2 3 4 5 |  5.9
Short Blades   | 1 2 3 4 5 |  5.9
Long Blades    | 1 2 3 4 5 |  5.9
Axes           | 1 2 3 4 5 |  5.9
Maces & Flails | 1 2 3 4 5 |  5.9
Polearms       | 1 2 3 4 5 |  5.9
Staves         | 1 2 3 4 5 |  5.9
Slings         | 1 2 3 4 5 |  5.9
Bows           | 1 2 3 4 5 |  5.9
Crossbows      | 1 2 3 4 5 |  5.9
Throwing       | 1 2 3 4 5 |  5.9
Armour         | 1 2 3 4 5 |  5.9
Shields        | 1 2 3 4 5 |  5.9
Unarmed Combat | 1 2 3 4 5 |  5.9
Invocations    | 1 2 3 4 5 6 |  6.5
Evocations     | 1 2 3 4 5 |  5.9
Hexes          | 1 2 3 4 |  4.9
Summonings     | 1 2 3 4 |  4.9
Necromancy     | 1 2 3 4 |  4.9
Translocations | 1 2 3 4 |  4.9
Transmutations | 1 2 3 4 |  4.9
Fire Magic     | 1 2 3 4 |  4.9
Ice Magic      | 1 2 3 4 |  4.9
Air Magic      | 1 2 3 4 |  4.9
Earth Magic    | 1 2 3 4 |  4.9
Poison Magic   | 1 2 3 4 |  4.9
Dodging        | 5 6 7 |  7.5
Stealth        | 5 6 7 |  7.3
Conjurations   | 8 |  8.7

Action                   |  1- 3 |  4- 6 |  7- 9 | 10-12 || total
-------------------------+-------+-------+-------+-------++-------
Melee: Dagger            |       |     3 |       |       ||     3
       Rapier            |       |       |    58 |     3 ||    61
       Bite              |       |       |     3 |     1 ||     4
       Staff             |       |       |       |     1 ||     1
 Cast: Magic Dart        |    17 |     5 |     5 |    15 ||    42
       Searing Ray       |    10 |    44 |    38 |    48 ||   140
       Iskenderun's Myst |       |     1 |    12 |    23 ||    36
       Fulminant Prism   |       |     1 |     8 |     3 ||    12
       Dazzling Flash    |       |     1 |       |       ||     1
       Lightning Bolt    |       |       |       |     4 ||     4
Evoke: Wand              |       |       |       |     2 ||     2
  Use: Scroll            |       |       |       |     2 ||     2
       Potion            |       |       |       |     1 ||     1
 Stab: Sleeping          |       |       |     3 |       ||     3
       Distracted        |       |       |       |     1 ||     1
Armor: Robe              |       |     8 |       |     2 ||    10
       Leather armour    |       |       |    22 |       ||    22
       Steam dragon scal |       |       |     5 |    11 ||    16
Dodge: Dodged            |     2 |    23 |    84 |    67 ||   176
